 Dungeon Crawl Stone Soup version 0.31-a0-167-g1c394c0614 (webtiles) character file.

Game seed: 3808343775766073018

4784 quinnr the Zephyrmancer (level 10, 0/41 (46) HPs)
             Began as a Vine Stalker Air Elementalist on June 11, 2023.
             Was a Believer of Vehumet.
             Slain by a wight
             ... wielding a +5 long sword
              (13 damage)
             ... on level 8 of the Dungeon on June 14, 2023.
             The game lasted 00:27:38 (10303 turns).

quinnr the Zephyrmancer (VSAE)                     Turns: 10303, Time: 00:27:38

HP:   0/41 (46)     AC:  9    Str: 11    XL:     10   Next: 47%
MP:   0/17          EV: 12    Int: 19    God:    Vehumet [**....]
Gold: 444           SH:  0    Dex: 21    Spells: 0/17 levels left

rFire   . . .        A - staff of air {!a}
rCold   . . .        (no shield)
rNeg    . . .        p - +2 leather armour {Will+}
rPois   .            I - +0 helmet
rElec   +            k - +0 cloak
rCorr   .            g - +0 pair of gloves
SInv    +            n - +0 pair of boots
Will    ++...        (no amulet)
Stlth   +++          D - +6 ring of dexterity
HPRegen 1.06/turn    v - ring of see invisible
MPRegen 0.15/turn

%: guardian spirit
@: mighty, heavily drained
A: fangs 3, regeneration 1, magic shield, antimagic bite, no potion heal 2
a: Renounce Religion


You were on level 8 of the Dungeon.
You worshipped Vehumet.
Vehumet was pleased with you.
You visited 2 branches of the dungeon, and saw 10 of its levels.

You collected 444 gold pieces.


Innate Abilities, Weirdness & Mutations

You have razor-sharp teeth.
Your natural rate of healing is unusually fast.
When hurt, damage is shared between your health and your magic reserves.
Your bite disrupts and absorbs the magic of your enemies.
Potions cannot restore your health.


   Skills:
 - Level 2.0 Fighting
 - Level 2.0 Armour
 - Level 1.5 Dodging
 - Level 4.0 Stealth
 + Level 4.3 Spellcasting
 - Level 3.0 Conjurations
 + Level 1.3 Transmutations
 + Level 9.1 Fire Magic
 + Level 10.3 Air Magic
 + Level 1.3 Poison Magic


You couldn't memorise any spells.
You knew the following spells:

 Your Spells              Type           Power      Damage    Failure   Level
a - Airstrike             Air            30%        2d(5-21)  2%          4
m - Mephitic Cloud        Conj/Pois/Air  33%        N/A       7%          3
z - Shock                 Conj/Air       100%       1d9       1%          1
X - Plasma Beam           Fire/Air       28%        2x1d41    45%         6
Y - Ignite Poison         Fire/Tmut/Pois 18%        N/A       11%         3

Your spell library contained the following spells:

 Spells                   Type           Power      Damage    Failure   Level
 Poisonous Vapours        Pois/Air       78%        N/A       2%          2
 Foxfire                  Conj/Fire      100%       2x1d9     1%          1
 Static Discharge         Conj/Air       88%        2-6/arc   1%          2
 Swiftness                Air            60%        N/A       1%          3
 Magic Dart               Conj           60%        1d6       5%          1
 Sticky Flame             Conj/Fire      27%        2d5       14%         4
 Wereblood                Tmut           9%         N/A       16%         2
 Call Imp                 Summ           8%         N/A       26%         2
 Sublimation of Blood     Necr           4%         N/A       26%         2
 Stone Arrow              Conj/Erth      18%        3d8       28%         3
 Fireball                 Conj/Fire      13%        3d7       38%         5
 Animate Armour           Summ/Erth      8%         N/A       87%         4
 Starburst                Conj/Fire      13%        6d6       92%         6
 Summon Hydra             Summ           2%         N/A       100%        7
 Ignition                 Fire           19%        3d7       100%        8
 Lehudib's Crystal Spear  Conj/Erth      4%         10d3      100%        8

Inventory:

Hand Weapons
 E - a +2 dagger of venom
Armour
 a - a +0 robe
 g - a +0 pair of gloves (worn)
 j - a +0 pair of gloves
 k - a +0 cloak (worn)
 n - a +0 pair of boots (worn)
 p - a +2 leather armour of willpower (worn)
 q - a +0 pair of boots
 r - a +0 cloak
 B - a +0 leather armour of cold resistance
 G - a +1 robe of willpower
 I - a +0 helmet (worn)
 M - the +18 shield of the Gong {Loud rN+ Will+ rCorr EV-5}
   (You found it on level 8 of the Dungeon)

   Loud:      It is deafeningly noisy when blocking attacks.
   EV:        It affects your evasion (-5).
   rN:        It protects you from negative energy.
   rCorr:     It protects you from acid and corrosion.
   Will:      It increases your willpower.
Magical Staves
 A - a staff of air (weapon) {!a}
Jewellery
 v - a ring of see invisible (right hand)
 D - a +6 ring of dexterity (left hand)
Wands
 C - a wand of mindburst (3)
 K - a wand of roots (4)
Scrolls
 d - 3 scrolls of fear {unknown}
 f - a scroll of poison {unknown}
 i - 2 scrolls of noise {unknown}
 l - a scroll of fog {unknown}
 m - a scroll of blinking {unknown}
 o - 2 scrolls of vulnerability
 x - 4 scrolls of teleportation {@r2}
 y - 2 scrolls of enchant weapon {unknown}
 H - 4 scrolls of identify {@r1}
 J - a scroll of butterflies {unknown}
 L - a scroll of amnesia {unknown}
Potions
 b - 3 potions of magic
 c - 7 potions of heal wounds {@q2}
 e - 3 potions of resistance {unknown}
 h - 3 potions of degeneration {unknown}
 s - 2 potions of mutation {unknown}
 t - 2 potions of enlightenment {unknown}
 u - 3 potions of curing {@q1}
 w - a potion of might
 z - 4 potions of lignification
 F - a potion of attraction {unknown}

Dungeon Overview and Level Annotations

Branches:
Dungeon (9/15)             Temple (1/1) D:6             Orc (0/2) D:9
   Lair: D:8-11

Altars:
Cheibriados
Fedhas
Hepliaklqana
Makhleb
Okawaru
Sif Muna
Trog
Uskayaw
Vehumet
Xom
The Shining One

Annotations:
D:8 Gastronok

▓▓▓▓▓^.......^▓
▓.......▓ ▓.▓
▓▓▓▓▓...▓▓▓...▓▓
▓.......▓ ▓.▓
...▓..^▓...▓...▓
▓.......▓ ▓▓.▓
▓▓▓▓..▓.....▓..▓
▓▓▓...▓▓▓ ▓...
▓...▓...▓...▓ ▓...▓ ▓.▓▓
▓▓..^▓▓▓...▓▓▓▓ ▓▓)▓▓
▓...
▓^^....[.^▓..▓▓▓▓▓)▓
▓▓▓▓
▓▓^......▓▓▓.z.[.)>▓ ▓
▓▓▓▓▓▓▓▓^.^▓▓▓▓▓@▓▓▓▓▓▓▓
▓ .......▓▓'▓▓.....▒ ▓
.▓▓▓▓▓▓▓^...▓.▓▓▒▒▒▒ .▓
▓▓.▓.▓.▓▓▒≈⚑▒
▓▓▓▓▓▓▓▓▓▓▓ .▓
▓.▓.▓..▓▒▒.▒ ▓..........
.▓ ▓▓▓▓.▓.▓....'.▒
▓.▓▓▓▓▓▓▓▓. .▓
▓....▓[▓.▓▓▒▒.▒ ▓.▓ ▓...
.▓ ▓.▓▓▓▓[▓.▓ ▒~⚑▒ ▓.▓
▓.▓. .▓ ▓.▓
▓▓)▓.▓▓▒▒▒▒▓▓▓.▓ ▓.▓▓


You could see a wight.


Message History

Press: ? - help, Shift-Dir - straight line, p - wight You feel a surge of power!
The zap hits the wight.
The wight is severely damaged.
The wight hits you with a +5 long sword!
* * * LOW HITPOINT WARNING * * *
You feel drained.
* * * LOW HITPOINT WARNING * * *
Unknown command.
Casting: Shock (safe; 1% risk of failure)
Confirm with . or Enter, or press ? or * to list all spells.
Aiming: Shock (safe; 1% risk of failure)
Press: ? - help, Shift-Dir - straight line You feel a surge of power!
The zap hits the wight.
The wight is almost destroyed.
The wight hits you with a +5 long sword!
* * * LOW HITPOINT WARNING * * *
Unknown command.
Unknown command.
Casting: Shock (safe; 1% risk of failure)
Confirm with . or Enter, or press ? or * to list all spells.
Aiming: Shock (safe; 1% risk of failure)
Press: ? - help, Shift-Dir - straight line You feel a surge of power!
The zap hits the wight.
The wight is almost destroyed.
The wight barely misses you.
Unknown command.
Unknown command.
You feel very mighty all of a sudden.
The wight hits you with a +5 long sword!
You die...

Skill      XL: |  1  2  3  4  5  6  7  8  9 10 |
---------------+-------------------------------+-----
Conjurations   | 2 3 |  3.0
Fighting       | 1 2 |  2.0
Stealth        | 3 4 |  4.0
Armour         | 1 2 |  2.0
Spellcasting   | 3 4 |  4.3
Air Magic      | 4 6 8 9 10 | 10.3
Fire Magic     | 1 3 5 8 9 |  9.1
Transmutations | 1 |  1.3
Poison Magic   | 1 |  1.3
Dodging        | |  1.5

Action                     |  1- 3 |  4- 6 |  7- 9 | 10-12 || total
---------------------------+-------+-------+-------+-------++-------
  Melee: Unarmed           |     6 |     3 |       |       ||     9
         Bite              |     2 |     3 |    17 |    15 ||    37
         Dagger            |       |     9 |       |     9 ||    18
         Staff             |       |     2 |    41 |    22 ||    65
         Punch             |       |       |       |     1 ||     1
   Cast: Shock             |    48 |   167 |   176 |    37 ||   428
         Airstrike         |       |       |    31 |    25 ||    56
         Mephitic Cloud    |       |       |       |     6 ||     6
  Evoke: Wand              |       |       |     2 |     5 ||     7
    Use: Scroll            |       |     3 |     3 |     1 ||     7
         Potion            |       |       |       |     1 ||     1
   Stab: Confused          |       |       |       |     3 ||     3
 Armour: Robe              |     2 |     2 |       |       ||     4
         Leather armour    |       |    20 |    39 |     8 ||    67
  Dodge: Dodged            |     9 |    37 |    67 |    20 ||   133

Levels and vault maps discovered:
D:1:      minmay_arrival_jagged, layout_rooms, chequers_serial_rivers_micro_e,
          minmay_statues_item
D:2:      layout_loops_ring, uniq_jessica
D:3:      minmay_door_path, layout_loops_cross, okawaru_trees_1,
          gup_sewer_entry_glass
D:4:      layout_cave_pools, gammafunk_temple_overflow_pools, patterned_corridor
D:5:      layout_rooms, mainiacjoe_overflow_24_doors
D:6:      layout_loops_cross, minmay_temple_entry_wispy, reono_crystal_passage,
          st_stairs_2, grunt_decor_arrowhead, minmay_hedge_maze,
          serial_bayou_lagoon_a, uniq_menkaure, uniq_sigmund, uniq_blork_the_orc
D:7:      layout_basic, elyvilon_altar_4
D:8:      layout_loops_ring, overflow_temple_1_default,
          mainiacjoe_overflow_alcove_1, gammafunk_temple_overflow_elements,
          st_stairs_9, hellmonk_guarded_unrand_gong, uniq_gastronok, uniq_pikel
D:9:      layout_roguey, zombieorc1_lemuel, biasface_ghost_orc_armoury,
          uniq_psyche
Temple:   hellmonk_temple_forest_ring

Notes
Turn   | Place    | Note
-------+----------+-------------------------------------------
     0 | D:1      | quinnr the Vine Stalker Air Elementalist began the quest
                  | for the Orb.
     0 | D:1      | Reached XP level 1. HP: 9/9 MP: 4/4
   152 | D:1      | Reached skill level 2 in Conjurations
   152 | D:1      | Reached XP level 2. HP: 13/13 MP: 3/6
   651 | D:1      | Upgraded the game from 0.31-a0-154-g56bf346678 to
                  | 0.31-a0-167-g1c394c0614
   798 | D:2      | Reached skill level 3 in Conjurations
   798 | D:2      | Reached XP level 3. HP: 16/16 MP: 4/7
  1152 | D:2      | Noticed Jessica
  1154 | D:2      | Killed Jessica
  1155 | D:2      | Reached skill level 1 in Fighting
  1155 | D:2      | Reached skill level 3 in Stealth
  1155 | D:2      | Gained mutation: Your natural rate of healing is unusually
                  | fast. [Vine Stalker growth]
  1155 | D:2      | Reached XP level 4. HP: 22/22 MP: 5/8
  2146 | D:3      | Found an iron altar of Okawaru.
  2242 | D:3      | Reached skill level 1 in Armour
  2242 | D:3      | Reached skill level 4 in Stealth
  2287 | D:3      | Reached XP level 5. HP: 25/25 MP: 0/9
  2473 | D:3      | Reached skill level 2 in Armour
  3295 | D:4      | Reached skill level 2 in Fighting
  3414 | D:4      | Found a hide-covered altar of Uskayaw.
  3471 | D:4      | Found a snail-covered altar of Cheibriados.
  3810 | D:5      | Entered Level 5 of the Dungeon
  3810 | D:5      | Noticed a phantom
  4010 | D:4      | Reached XP level 6. HP: 13/30 MP: 2/11
  4261 | D:4      | Reached skill level 3 in Spellcasting
  4261 | D:4      | Reached skill level 4 in Air Magic
  4334 | D:4      | Learned a level 6 spell: Plasma Beam
  4446 | D:5      | Reached skill level 1 in Fire Magic
  4503 | D:5      | Found a burning altar of Makhleb.
  4538 | D:5      | Reached XP level 7. HP: 35/35 MP: 8/12
  4850 | D:4      | Learned a level 4 spell: Airstrike
  4869 | D:5      | Reached skill level 5 in Air Magic
  4884 | D:5      | Reached skill level 2 in Fire Magic
  5842 | D:6      | Reached skill level 6 in Air Magic
  5983 | D:6      | Noticed Sigmund
  5990 | D:6      | Killed Sigmund
  5991 | D:6      | Reached skill level 3 in Fire Magic
  5991 | D:6      | Gained mutation: You have razor-sharp teeth. [Vine Stalker
                  | growth]
  5991 | D:6      | Reached XP level 8. HP: 32/39 MP: 2/13
  6344 | D:6      | Found a staircase to the Ecumenical Temple.
  6372 | Temple   | Entered the Ecumenical Temple
  6404 | Temple   | Became a worshipper of Vehumet
  6469 | D:6      | Noticed Menkaure
  6472 | D:6      | Killed Menkaure
  6473 | D:6      | Reached skill level 4 in Fire Magic
  6473 | D:6      | Reached skill level 7 in Air Magic
  6647 | D:6      | Noticed Blork the orc
  6650 | D:6      | Killed Blork the orc
  6860 | D:6      | Reached skill level 8 in Air Magic
  7725 | D:7      | Reached skill level 5 in Fire Magic
  7725 | D:7      | Reached XP level 9. HP: 41/42 MP: 6/15
  7984 | D:8      | Reached * piety under Vehumet
  7984 | D:8      | Offered knowledge of Sandblast by Vehumet.
  8129 | D:8      | Noticed Pikel
  8141 | D:7      | Killed Pikel
  8142 | D:7      | Reached skill level 4 in Spellcasting
  8142 | D:7      | Reached skill level 6 in Fire Magic
  8142 | D:7      | Reached skill level 9 in Air Magic
  8339 | D:8      | Found a shimmering altar of Xom.
  8345 | D:8      | Noticed a troll
  8349 | D:8      | Killed a troll
  8350 | D:8      | Reached skill level 7 in Fire Magic
  8506 | D:8      | Found a shimmering blue altar of Sif Muna.
  8724 | D:8      | Found a glowing golden altar of the Shining One.
  8724 | D:8      | Found a hazy altar of Hepliaklqana.
  8803 | D:8      | Reached skill level 8 in Fire Magic
  8835 | D:8      | Noticed Gastronok
  8863 | D:9      | Offered knowledge of Poisonous Vapours by Vehumet.
  8871 | D:8      | Reached XP level 10. HP: 29/46 MP: 15/17
  8910 | D:9      | Reached ** piety under Vehumet
  9016 | D:9      | Found a staircase to the Orcish Mines.
  9067 | D:9      | Noticed Psyche
  9193 | D:9      | Killed Psyche
  9194 | D:9      | Reached skill level 10 in Air Magic
  9630 | D:8      | Reached skill level 9 in Fire Magic
  9713 | D:8      | Noticed a vault sentinel
  9722 | D:8      | HP: 4/46 [vault sentinel/bolt (14)]
  9841 | D:7      | Learned a level 3 spell: Mephitic Cloud
  9845 | D:7      | Learned a level 3 spell: Ignite Poison
  9905 | D:8      | Found the +18 shield of the Gong {Loud rN+ Will+ rCorr
                  | EV-5}
  9905 | D:8      | Noticed a vault sentinel
  9925 | D:8      | Killed a vault sentinel
 10094 | D:8      | Killed a vault sentinel
 10095 | D:8      | Reached skill level 1 in Transmutations
 10095 | D:8      | Reached skill level 1 in Poison Magic
 10303 | D:8      | Slain by a wight

Vanquished Creatures
  Pikel (D:7)
  2 vault sentinels (D:8)
  Psyche (D:9)
  A troll (D:8)
  2 shadows (D:9)
  A wraith (D:8)
  Sigmund (D:6)
  A steam dragon (D:8)
  Menkaure (D:6)
  A water moccasin (D:6)
  2 orc warriors (D:8)
  2 ogres
  A centaur (D:8)
  2 phantoms
  2 lemures (D:7)
  A kobold brigand (D:9)
  4 bullfrogs
  Blork the orc (D:6)
  3 scorpions (D:6)
  A howler monkey (D:9)
  2 gnoll boudas (D:7)
  3 orc priests
  5 hounds
  3 jellies
  Jessica (D:2)
  An iguana (D:4)
  8 orc wizards
  4 ogre zombies (D:9)
  10 gnolls (D:7)
  10 adders
  2 shadow imps (D:5)
  4 white imps
  2 worms
  A dart slug (D:4)
  28 orcs
  9 endoplasms
  4 giant cockroaches
  10 goblins
  7 hobgoblins
  6 jackals
  9 kobolds
  4 quokkas
  8 ball pythons
  2 bats
  2 frilled lizards (D:3)
  2 goblin skeletons (D:9)
  2 hobgoblin zombies (D:9)
  9 orc zombies (D:9)
  3 rats (D:3)
192 creatures vanquished.

Vanquished Creatures (others)
  A gnoll (D:7)
  A quokka (D:7)
2 creatures vanquished.

Grand Total: 194 creatures vanquished

Table legend: (Time is in decaauts)
 A = Elapsed time spent in this place.
 B = Non-inter-level travel time spent in this place.
 C = Inter-level travel time spent in this place.
 D = Time resting spent in this place.
 E = Time spent auto-exploring this place.
 F = Levels seen in this place.
 G = Mean time per level.
                   A        B        C        D        E       F      G
               +--------+--------+--------+--------+--------+-----+--------+
         Total |  10364 |   9796 |    568 |    958 |   7015 |  10 | 1036.4 |
       Dungeon |  10324 |   9764 |    560 |    958 |   6998 |   9 | 1147.1 |
        Temple |     40 |     32 |      8 |      0 |     17 |   1 |   40.0 |
               +--------+--------+--------+--------+--------+-----+--------+

Top non-repeatable levels by time:
     D:8: 1683 daAuts
     D:6: 1649 daAuts
     D:4: 1537 daAuts
     D:7: 1296 daAuts
     D:3: 1240 daAuts
     D:2: 1085 daAuts
     D:5: 835 daAuts
     D:1: 774 daAuts
     D:9: 222 daAuts
  Temple: 40 daAuts

Table legend:
 A = Non-vault XP
 B = Vault XP
 C = Vault XP percentage of total XP
 D = Non-vault monster count
 E = Vault monster count
 F = Vault count percentage of total count
                 A         B        C        D         E       F
            +---------+---------+-------+---------+---------+-------
      Total |    3255 |    3580 |  52.4 |     153 |      37 |  19.5
            +---------+---------+-------+---------+---------+-------
        D:1 |      27 |       0 |   0.0 |      15 |       0 |   0.0
        D:2 |      40 |      37 |  48.1 |      14 |       1 |   6.7
        D:3 |     102 |      41 |  28.7 |      25 |       4 |  13.8
        D:4 |     281 |       0 |   0.0 |      22 |       0 |   0.0
        D:5 |     360 |       3 |   0.8 |      14 |       1 |   6.7
        D:6 |     750 |     468 |  38.4 |      20 |       3 |  13.0
        D:7 |     398 |     673 |  62.8 |      15 |       1 |   6.2
        D:8 |    1143 |    1335 |  53.9 |      23 |       6 |  20.7
        D:9 |     154 |    1023 |  86.9 |       5 |      21 |  80.8
            +---------+---------+-------+---------+---------+-------

Levels and vault maps discovered:
D:1:      minmay_arrival_jagged, layout_rooms, chequers_serial_rivers_micro_e,
          minmay_statues_item
D:2:      layout_loops_ring, uniq_jessica
D:3:      minmay_door_path, layout_loops_cross, okawaru_trees_1,
          gup_sewer_entry_glass
D:4:      layout_cave_pools, gammafunk_temple_overflow_pools, patterned_corridor
D:5:      layout_rooms, mainiacjoe_overflow_24_doors
D:6:      layout_loops_cross, minmay_temple_entry_wispy, reono_crystal_passage,
          st_stairs_2, grunt_decor_arrowhead, minmay_hedge_maze,
          serial_bayou_lagoon_a, uniq_menkaure, uniq_sigmund, uniq_blork_the_orc
D:7:      layout_basic, elyvilon_altar_4
D:8:      layout_loops_ring, overflow_temple_1_default,
          mainiacjoe_overflow_alcove_1, gammafunk_temple_overflow_elements,
          st_stairs_9, hellmonk_guarded_unrand_gong, uniq_gastronok, uniq_pikel
D:9:      layout_roguey, zombieorc1_lemuel, biasface_ghost_orc_armoury,
          uniq_psyche
Temple:   hellmonk_temple_forest_ring
